 Dungeon Crawl Stone Soup version 0.27-a0-498-g7ecbb0a48f (webtiles) character file.

Game seed: 6493020731900088753

2240 Anon1729 the Transmogrifier (level 9, -6/67 (68) HPs)
             Began as a Merfolk Transmuter on Mar 3, 2021.
             Killed from afar by an orc wizard (11 damage)
             ... with a magic dart
             ... on level 6 of the Dungeon.
             The game lasted 00:13:22 (5798 turns).

Anon1729 the Transmogrifier (Merfolk Transmuter)    Turns: 5798, Time: 00:13:23

HP:   -6/67 (68)    AC:  2    Str: 10    XL:     9   Next: 36%
MP:   24/25         EV: 27    Int: 15    God:
Gold: 314           SH:  0    Dex: 20    Spells: 6/17 levels left

rFire    . . .     SeeInvis .     - Unarmed
rCold    . . .     Faith    .   (shield currently unavailable)
rNeg     . . .     Spirit   .   (armour currently unavailable)
rPois    .         Reflect  .   (helmet currently unavailable)
rElec    .         Harm     .   (cloak currently unavailable)
rCorr    .         Rampage  .   (gloves currently unavailable)
Will     .....                  (boots currently unavailable)
Stlth    ++........             s - amulet of regeneration
HPRegen  1.21/turn              k - ring of poison resistance
MPRegen  0.19/turn              r - ring of magical power

@: spider-form (expiring), lightly drained
A: tiny, (change form in water), (swift swim), (stealthy swim)
a: End Transformation


You were on level 6 of the Dungeon.
You were a venomous arachnid creature.
You visited 2 branches of the dungeon, and saw 7 of its levels.
You also visited: Sewer.

You collected 314 gold pieces.

Inventory:

Hand Weapons
 b - a +0 hunting sling
Missiles
 n - 53 sling bullets
 t - 2 throwing nets
Armour
 a - a +0 robe (melded)
 c - a +0 pair of gloves (melded)
 y - a +0 cloak (melded)
Jewellery
 k - a ring of poison resistance (left front leg)
 r - a ring of magical power (right front leg)
 s - an amulet of regeneration (around neck)
Wands
 B - a wand of acid (7)
 C - a wand of random effects (12)
Scrolls
 e - a scroll of enchant armour
 g - 4 scrolls of identify
 h - 3 scrolls of amnesia
 i - 3 scrolls of teleportation
 p - 3 scrolls of magic mapping
 u - 3 scrolls of blinking {unknown}
 v - 2 scrolls of fog {unknown}
 x - 2 scrolls of random uselessness {unknown}
 A - a scroll of brand weapon {unknown}
 D - a scroll of enchant weapon {unknown}
Potions
 d - 3 potions of magic {unknown}
 f - 2 potions of might {unknown}
 j - a potion of cancellation {unknown}
 l - a potion of curing {unknown}
 m - 3 potions of haste {unknown}
 o - 4 potions of brilliance
 q - 2 potions of attraction {unknown}
 w - 2 potions of heal wounds {unknown}
 z - a potion of flight {unknown}


   Skills:
 + Level 5.4 Fighting
 + Level 6.7 Dodging
 + Level 6.2 Unarmed Combat
 + Level 4.7 Spellcasting
 * Level 9.2 Transmutations
 - Level 3.0 Poison Magic


You had 6 spell levels left.
You knew the following spells:

 Your Spells              Type           Power        Failure   Level
a - Beastly Appendage     Tmut           62%          3%          1
b - Wereblood             Tmut           31%          3%          2
c - Spider Form           Tmut/Pois      10%          13%         3
d - Blade Hands           Tmut           15%          26%         5

Your spell library contained the following spells:

 Spells                   Type           Power        Failure   Level
 Ice Form                 Ice/Tmut       17%          47%         4


Dungeon Overview and Level Annotations

Branches:
Dungeon (6/15)             Temple (1/1) D:4           Sewer (visited)

Altars:
Dithmenos
Elyvilon
Fedhas
Gozag
Hepliaklqana
Makhleb
Nemelex Xobeh
Ru
Sif Muna
Uskayaw
Vehumet
Wu Jian
Xom
Yredelemnul
Zin
The Shining One

Annotations:
D:4 3 runed translucent doors, Klosterheim's ghost, amateur DsAr


Message History

You hit the yak but do no damage.
The yak looks as sick as possible!
The yak is moderately wounded.
The yak gores you!
You are too injured to fight recklessly!
You are too injured to fight recklessly!
You are too injured to fight recklessly!
You are too injured to fight recklessly!
You are too injured to fight recklessly!
You bite the yak!
The yak looks as sick as possible!
The yak is severely wounded.
The yak gores you!
You hit the yak but do no damage.
The yak looks as sick as possible!
The yak is severely wounded.
The yak gores you!!
* * * LOW HITPOINT WARNING * * *
Unknown command.
You kill the yak!
You hit the orc wizard.
The orc wizard is moderately wounded.
The orc wizard points at you and mumbles some strange words.
The magic dart hits you!
* * * LOW HITPOINT WARNING * * *
Unknown command.
You hit the orc wizard.
The orc wizard is poisoned.
The orc wizard is heavily wounded.
Your transformation is almost over.
The orc wizard hits you but does no damage.
You feel drained.
Unknown command.
Unknown command.
Okay, then.
You closely miss the orc wizard.
The orc wizard is heavily wounded.
The orc wizard completely misses you.
You hit the orc wizard but do no damage.
The orc wizard looks as sick as possible!
The orc wizard is heavily wounded.
The orc wizard casts a spell at you. The magic dart hits you!
You die...

........#
.....(... #
.........###
# ......# ##
. ..##.# .# .
#.##.# .#
#)##.# .#
#..#.#.# .#
#.###os####.#
#. #.#......#
. #.######..#
## #. #..# #
#..# #..#
#..#
..#.######..#
#...........#


You could see an orc wizard (extremely poisoned).

Vanquished Creatures
  6 yaks
  A water moccasin (D:4)
  An orc warrior (D:6)
  2 sky beasts (D:5)
  2 ogres
  2 centaurs
  A bullfrog (D:6)
  2 hounds
  A gnoll shaman (D:4)
  An orc priest (D:4)
  3 iguanas (D:4)
  3 orc wizards
  Ijyb (D:5)
  2 worker ants (D:5)
  A howler monkey skeleton (D:5)
  8 adders
  3 gnolls (D:4)
  3 river rats (Sewer)
  A shadow imp (D:4)
  A white imp (D:5)
  3 oozes
  2 worms (D:4)
  2 dart slugs
  4 leopard geckos
  10 orcs
  7 ball pythons
  5 bats (D:1)
  5 giant cockroaches
  6 goblins
  4 hobgoblins (D:1)
  3 kobolds
  A quokka (D:5)
  9 frilled lizards
  2 jackal skeletons
  13 rats
121 creatures vanquished.

Notes
Turn   | Place    | Note
-------+----------+-------------------------------------------
     0 | D:1      | Anon1729 the Merfolk Transmuter began the quest for the
                  | Orb.
     0 | D:1      | Reached XP level 1. HP: 15/15 MP: 3/3
   235 | D:1      | Reached XP level 2. HP: 21/21 MP: 3/5
   346 | D:1      | Reached skill level 3 in Transmutations
   473 | D:1      | Reached XP level 3. HP: 15/26 MP: 6/6
   650 | D:1      | Learned a level 2 spell: Wereblood
   654 | D:1      | Learned a level 3 spell: Spider Form
  1898 | D:2      | Reached XP level 4. HP: 25/33 MP: 5/7
  3336 | D:4      | Reached skill level 4 in Transmutations
  3336 | D:4      | Reached XP level 5. HP: 38/38 MP: 8/8
  3406 | D:4      | Noticed an ogre
  3429 | D:4      | Killed an ogre
  3430 | D:4      | Reached skill level 5 in Transmutations
  3430 | D:4      | Reached XP level 6. HP: 22/46 MP: 10/10
  3459 | D:4      | Found a staircase to the Ecumenical Temple.
  3467 | Temple   | Entered the Ecumenical Temple
  3626 | D:4      | Found a glowing drain.
  3642 | Sewer    | Entered a sewer
  3659 | Sewer    | Learned a level 5 spell: Blade Hands
  4127 | D:4      | Found a runed translucent gate.
  4127 | D:4      | Found a runed translucent gate.
  4127 | D:4      | Found an opulent altar of Gozag.
  4127 | D:4      | Found a runed translucent gate.
  4130 | D:4      | Noticed Klosterheim's ghost (amateur DsAr)
  4209 | D:4      | Reached skill level 1 in Poison Magic
  4210 | D:4      | Reached XP level 7. HP: 44/52 MP: 11/11
  4335 | D:4      | Reached skill level 6 in Transmutations
  4398 | D:4      | Found a shadowy altar of Dithmenos.
  4570 | D:5      | Entered Level 5 of the Dungeon
  4691 | D:5      | Found a sparkling altar of Nemelex Xobeh.
  4796 | D:5      | Reached skill level 5 in Dodging
  4837 | D:5      | Reached skill level 5 in Unarmed Combat
  4861 | D:5      | Reached XP level 8. HP: 60/60 MP: 13/13
  5073 | D:5      | Noticed Ijyb
  5083 | D:5      | Killed Ijyb
  5084 | D:5      | Reached skill level 7 in Transmutations
  5428 | D:6      | Noticed a yak
  5429 | D:6      | Noticed a yak
  5430 | D:6      | Noticed a yak
  5430 | D:6      | Noticed a yak
  5433 | D:6      | Noticed a yak
  5433 | D:6      | Noticed a yak
  5493 | D:5      | Killed a yak
  5506 | D:6      | Reached skill level 8 in Transmutations
  5747 | D:6      | Killed a yak
  5748 | D:6      | Reached XP level 9. HP: 52/67 MP: 15/15
  5759 | D:6      | Reached skill level 5 in Fighting
  5785 | D:6      | Reached skill level 9 in Transmutations
  5795 | D:6      | HP: 2/68 [orc wizard/magic dart (9)]
  5798 | D:6      | Killed from afar by an orc wizard

Illustrated notes

Levels and vault maps discovered:
D:1:      onia_arrival_handbag, layout_rooms, minmay_pentomino_p2
D:2:      layout_basic
D:3:      layout_rooms
D:4:      layout_cave_pools, grunt_dithmenos_shadows,
          minmay_temple_entry_crystal_x, ebering_ghost_gozag,
          portal_sewer_entry_f
D:5:      layout_loops_ring, basic_altar, uniq_ijyb
D:6:      layout_loops_ring, gammafunk_ghost_necromancy
Temple:   eino_temple_scatter_basement

Skill      XL: |  1  2  3  4  5  6  7  8  9 |
---------------+----------------------------+-----
Dodging        | 3 4 5 6 |  6.7
Transmutations | 3 4 5 6 8 9 |  9.2
Fighting       | 2 3 4 5 |  5.4
Unarmed Combat | 4 5 6 |  6.2
Spellcasting   | 3 4 |  4.7
Poison Magic   | 1 2 3 |  3.0

Action                   |  1- 3 |  4- 6 |  7- 9 || total
-------------------------+-------+-------+-------++-------
Melee: Unarmed           |   106 |   190 |   209 ||   505
       Headbutt          |     9 |    14 |     6 ||    29
       Punch             |       |     4 |     1 ||     5
       Tailslap          |       |     2 |       ||     2
 Cast: Beastly Appendage |    17 |    20 |     5 ||    42
       Spider Form       |       |     6 |    12 ||    18
       Wereblood         |       |     2 |     2 ||     4
  Use: Scroll            |       |     5 |       ||     5
 Stab: Sleeping          |       |       |     1 ||     1
Armor: Robe              |    30 |    12 |    11 ||    53
       Skin              |       |     1 |     1 ||     2
Dodge: Dodged            |    74 |   138 |   150 ||   362

Table legend: (Time is in decaauts)
 A = Elapsed time spent in this place.
 B = Non-inter-level travel time spent in this place.
 C = Inter-level travel time spent in this place.
 D = Time resting spent in this place.
 E = Time spent auto-exploring this place.
 F = Levels seen in this place.
 G = Mean time per level.
                   A        B        C        D        E       F      G
               +--------+--------+--------+--------+--------+-----+--------+
         Total |   5707 |   5439 |    268 |    427 |   3735 |   8 |  713.4 |
       Dungeon |   5279 |   5021 |    258 |    427 |   3552 |   6 |  879.8 |
        Temple |     96 |     86 |     10 |      0 |      0 |   1 |   96.0 |
         Sewer |    330 |    330 |      0 |      0 |    183 |   1 |  330.0 |
               +--------+--------+--------+--------+--------+-----+--------+

Top non-repeatable levels by time:
     D:1: 1168 daAuts
     D:2: 1105 daAuts
     D:3: 1067 daAuts
     D:5: 797 daAuts
     D:4: 727 daAuts
     D:6: 413 daAuts
   Sewer: 330 daAuts
  Temple: 96 daAuts
